 Dungeon Crawl Stone Soup version 0.21.1-1-g345015f (webtiles) character file.

448 wojtek the Chopper (level 6, -3/52 HPs)
             Began as a Minotaur Fighter on July 23, 2018.
             Slain by an orc warrior
             ... wielding a +0 mace
              (17 damage)
             ... on level 4 of the Dungeon.
             The game lasted 00:03:03 (3010 turns).

wojtek the Chopper (Minotaur Fighter)               Turns: 3010, Time: 00:03:04

Health: -3/52      AC:  9    Str: 23    XL:     6   Next: 73%
Magic:  5/5        EV:  6    Int:  5    God:
Gold:   226        SH:  9    Dex:  9    Spells: 5/5 levels left

rFire    . . .     SeeInvis .   a - +0 war axe
rCold    . . .     Gourm    .   c - +0 shield
rNeg     . . .     Faith    .   l - +0 chain mail
rPois    .         Spirit   .   (helmet restricted)
rElec    .         Reflect  .   (no cloak)
rCorr    .         Harm     .   (no gloves)
MR       .....                  (no boots)
Stlth    ..........             (no amulet)
HPRegen  0.17/turn              (no ring)
MPRegen  0.09/turn              (no ring)

@: no status effects
A: retaliatory headbutt, horns 2
a: no special abilities


You were on level 4 of the Dungeon.
You were not hungry.

You visited 1 branch of the dungeon, and saw 5 of its levels.

You collected 226 gold pieces.

Inventory:

Hand Weapons
 a - a +0 war axe (weapon)
Armour
 c - a +0 shield (worn)
 l - a +0 chain mail (worn)
Scrolls
 e - 3 scrolls of blinking {unknown}
 g - a scroll of remove curse {unknown}
 i - 3 scrolls of magic mapping {unknown}
 k - a scroll of identify {unknown}
 m - 3 scrolls of teleportation {unknown}
 n - 2 scrolls of amnesia {unknown}
 s - a scroll of fear {unknown}
 u - a scroll of enchant armour {unknown}
Potions
 d - 2 potions of might
 h - 3 potions of curing {unknown}
 j - a potion of haste {unknown}
 o - a potion of degeneration {unknown}
 p - a potion of flight {unknown}
 q - 2 potions of heal wounds {unknown}
 r - a potion of magic {unknown}
 t - a potion of agility {unknown}
Books
 v - a book of Changes

   Spells                             Type                      Level
   a - Beastly Appendage              Transmutation                1
   b - Sticks to Snakes               Transmutation                2
   c - Spider Form                    Transmutation/Poison         3
   d - Ice Form                       Ice/Transmutation            4
   e - Blade Hands                    Transmutation                5
Comestibles
 b - 7 chunks of flesh
 f - 2 rations


   Skills:
 + Level 4.1 Fighting
 + Level 7.9 Axes
 + Level 4.1 Armour
 + Level 1.3 Dodging
 + Level 4.1 Shields


You had 5 spell levels left.
You didn't know any spells.

Dungeon Overview and Level Annotations

Branches:
Dungeon (5/15)
 Temple: D:4-7

Altars:
Fedhas
Uskayaw


Innate Abilities, Weirdness & Mutations

You reflexively headbutt those who attack you in melee.
You have a pair of horns on your head.


Message History

Your chain mail prevents you from hitting the orc warrior.
The orc warrior is heavily wounded.
The orc warrior hits you with a mace!
* * * LOW HITPOINT WARNING * * *
You closely miss the orc warrior.
The orc warrior is heavily wounded.
You block the orc warrior's attack.
You hit the orc warrior.
The orc warrior is severely wounded.
You block the orc warrior's attack.
You hit the orc warrior but do no damage.
The orc warrior is severely wounded.
The orc warrior hits you but does no damage.
Your shield and chain mail prevent you from hitting the orc warrior.
The orc warrior is severely wounded.
You block the orc warrior's attack.
You hit the orc warrior but do no damage.
The orc warrior is severely wounded.
The orc warrior hits you with a mace!
You die...

#.........###...................#
####.#........##................#
##..........######.####.........#
#..#.................##.........#
...#..#.###......................
...#.##.# ####.........>.........
.#....#.# #.....................
........# ##.#.......##..........
.#####..###..#..@o...##..........
.# #..............####.........
.# #......#######...###........
######......# ###....###.#...
#...##...>#.## ####.###.#...
..........#..## #...#.....
......###.##..#### ###.......
......#..........# #####...
............†....# ####


You could see an orc warrior.

Vanquished Creatures
  A scorpion (D:4)
  2 crimson imps
  A hound (D:4)
  2 orc wizards
  A worker ant (D:4)
  5 gnolls
  6 adders
  A howler monkey skeleton (D:4)
  2 oozes (D:1)
  An adder skeleton (D:5)
  2 worms
  3 leopard geckos
  10 orcs
  5 bats
  5 giant cockroaches
  9 goblins
  6 hobgoblins
  8 jackals
  8 kobolds
  4 quokkas
  A frilled lizard (D:2)
  7 rats
90 creatures vanquished.

Notes
Turn   | Place    | Note
-------+----------+-------------------------------------------
     0 | D:1      | wojtek the Minotaur Fighter began the quest for the Orb.
     0 | D:1      | Reached XP level 1. HP: 19/19 MP: 0/0
   120 | D:1      | Reached skill level 3 in Axes
   121 | D:1      | Reached XP level 2. HP: 22/26 MP: 1/1
   166 | D:1      | Reached skill level 4 in Axes
   207 | D:1      | Reached XP level 3. HP: 27/31 MP: 2/2
   897 | D:2      | Reached skill level 5 in Axes
  1072 | D:2      | Reached XP level 4. HP: 39/39 MP: 3/3
  1274 | D:2      | Reached skill level 6 in Axes
  1598 | D:2      | Reached XP level 5. HP: 42/45 MP: 4/4
  1880 | D:3      | Reached skill level 7 in Axes
  1969 | D:3      | Found a blossoming altar of Fedhas.
  2141 | D:3      | Found a hide-covered altar of Uskayaw.
  2529 | D:4      | Reached XP level 6. HP: 51/51 MP: 5/5
  2834 | D:4      | Reached skill level 1 in Dodging
  2857 | D:5      | Entered Level 5 of the Dungeon
  2951 | D:5      | Noticed an orc warrior
  3010 | D:4      | Slain by an orc warrior

Skill      XL: |  1  2  3  4  5  6 |
---------------+-------------------+-----
Axes           | 3 4 5 6 7 |  7.9
Dodging        | 1 |  1.3
Fighting       | 4 |  4.1
Armour         | 4 |  4.1
Shields        | 4 |  4.1

Action                   |  1- 3 |  4- 6 || total
-------------------------+-------+-------++-------
Melee: War axe           |    79 |   185 ||   264
       Headbutt          |     6 |    27 ||    33
  Eat: Chunk             |     1 |     6 ||     7
Armor: Scale mail        |    24 |       ||    24
       Chain mail        |    23 |    90 ||   113
Dodge: Dodged            |    19 |    32 ||    51
Block: Shield            |    33 |    98 ||   131
